 Dungeon Crawl Stone Soup version 0.29.1-2-gbd0b4ee654 (webtiles) character file.

Game seed: 4929916307380978827

9510 Earthwalker the Fighter (level 11, -2/102 HPs)
             Began as a Minotaur Fighter on Oct 23, 2022.
             Was an Initiate of Okawaru.
             Slain by an orc knight
             ... wielding a +3 vorpal great sword
              (3 damage)
             ... on level 10 of the Dungeon.
             The game lasted 00:33:02 (13451 turns).

Earthwalker the Fighter (Minotaur Fighter)         Turns: 13451, Time: 00:33:02

Health: -2/102     AC: 22    Str: 26    XL:     11   Next: 24%
Magic:  10/10      EV:  6    Int:  5    God:    Okawaru [......]
Gold:   692        SH:  6    Dex:  9    Spells: 10/10 levels left

rFire   . . .      SeeInvis +   a - +0 war axe
rCold   . . .      Faith    .   c - +0 buckler
rNeg    . . .      Spirit   .   E - +0 crystal plate armour
rPois   .          Reflect  .   J - +2 hat
rElec   .          Harm     .   (no cloak)
rCorr   .          Rampage  .   (no gloves)
Will    +....                   (no boots)
Stlth   ..........              (no amulet)
HPRegen 0.27/turn               v - ring of see invisible
MPRegen 0.12/turn               i - ring of willpower

@: mighty, studying Fighting
A: horns 2, retaliatory headbutt
a: Renounce Religion


You were on level 10 of the Dungeon.
You worshipped Okawaru.
Okawaru was noncommittal.
You visited 2 branches of the dungeon, and saw 11 of its levels.
You also visited: Bailey.

You collected 692 gold pieces.

Inventory:

Hand Weapons
 a - a +0 war axe (weapon)
Missiles
 A - 24 boomerangs
 C - 9 poisoned darts (quivered)
 G - 2 javelins
Armour
 b - a +0 scale mail
 c - a +0 buckler (worn)
 w - a +0 plate armour
 E - a +0 crystal plate armour (worn)
 J - a +2 hat (worn)
 K - a +4 plate armour of fire resistance
Jewellery
 i - a ring of willpower (right hand)
 v - a ring of see invisible (left hand)
 D - a +6 ring of intelligence
Wands
 h - a wand of polymorph (4)
 q - a wand of flame (34)
 y - a wand of light (14)
 M - a wand of charming (2)
Scrolls
 f - a scroll of summoning
 j - a scroll of magic mapping
 l - 3 scrolls of fear
 m - 2 scrolls of blinking
 n - 3 scrolls of vulnerability
 t - 3 scrolls of teleportation
 F - a scroll of poison {unknown}
 I - a scroll of torment {unknown}
 L - a scroll of butterflies {unknown}
 N - a scroll of noise {unknown}
Potions
 d - a potion of might
 e - 5 potions of heal wounds {unknown}
 g - 4 potions of curing {unknown}
 k - 2 potions of resistance
 o - a potion of brilliance
 p - 9 potions of flight
 r - 6 potions of magic {unknown}
 s - 3 potions of haste {unknown}
 u - a potion of invisibility {unknown}
 x - a potion of lignification {unknown}
 z - a potion of mutation {unknown}
 B - a potion of attraction {unknown}
 H - a potion of cancellation {unknown}


   Skills:
 * Level 11.0 Fighting
 * Level 10.2 Axes
 * Level 10.7 Armour
 + Level 6.3 Dodging
 * Level 10.6 Shields


You had 10 spell levels left.
You didn't know any spells.
Your spell library contained the following spells:

 Spells                   Type           Power      Damage    Failure   Level
 Foxfire                  Conj/Fire      0%         2x1d4     100%        1
 Conjure Flame            Conj/Fire      0%         6-21      100%        3
 Inner Flame              Hex/Fire       0%         N/A       100%        3
 Stone Arrow              Conj/Erth      0%         3d7       100%        3
 Flame Wave               Conj/Fire      0%         2d4       100%        4
 Orb of Destruction       Conj           0%         9d5       100%        7
 Lehudib's Crystal Spear  Conj/Erth      0%         10d2      100%        8
 Summon Guardian Golem    Hex/Summ       Unusable   N/A       N/A         3
 Animate Armour           Summ/Erth      Unusable   N/A       N/A         4
 Summon Forest            Summ/Tloc      Unusable   N/A       N/A         5
 Summon Mana Viper        Hex/Summ       Unusable   N/A       N/A         5
 Summon Cactus Giant      Summ           Unusable   N/A       N/A         6
 Spellforged Servitor     Conj/Summ      Unusable   N/A       N/A         7

Dungeon Overview and Level Annotations

Branches:
Dungeon (10/15)            Temple (1/1) D:5             Orc (0/2) D:10
 Bailey (visited)
   Lair: D:8-11

Altars:
Ashenzari
Cheibriados
Dithmenos
Elyvilon
Fedhas
Hepliaklqana
Kikubaaqudgha
Makhleb
Nemelex Xobeh
Okawaru
Qazlal
Ru
Sif Muna
Trog
Uskayaw
Vehumet
Wu Jian
Xom
Yredelemnul
Zin
The Shining One

Shops:
D:10 (


Innate Abilities, Weirdness & Mutations

You have a pair of horns on your head.
You reflexively headbutt those who attack you in melee.


Message History

An orc comes into view. It is wielding a +0 battleaxe.
The orc shouts!
The orc knight roars a battlecry!
You hear a shout!
Okay, then.
Okay, then.
You feel very mighty all of a sudden.
You slice the orc knight!!
The orc knight is moderately wounded.
The orc knight hits you with a +3 vorpal great sword!!
You closely miss the orc knight.
The orc knight is moderately wounded.
The orc knight hits you but does no damage.
You hit the orc knight.
You headbutt the orc knight, but do no damage.
The orc knight is moderately wounded.
The orc knight hits you with a +3 vorpal great sword!!
You barely miss the orc knight.
The orc knight is moderately wounded.
The orc knight hits you but does no damage.
You barely miss the orc knight.
The orc knight is moderately wounded.
The orc knight hits you with a +3 vorpal great sword!!
You slash the orc knight!
The orc knight is moderately wounded.
The orc knight hits you but does no damage.
You closely miss the orc knight. Your headbutt misses the orc knight.
The orc knight is moderately wounded.
The orc knight hits you with a +3 vorpal great sword!
* * * LOW HITPOINT WARNING * * *
x2 You slash the orc knight!
You headbutt the orc knight.
The orc knight is heavily wounded.
The orc no longer looks unusually strong.
The orc knight hits you with a +3 vorpal great sword!
* * * LOW HITPOINT WARNING * * *
x2 You hit the orc knight but do no damage.
You headbutt the orc knight!
The orc knight is severely wounded.
The orc knight hits you with a +3 vorpal great sword.
You die...

#.# #.# ###....♣.♣...... .≈###.#
#...#...♣...#.##
.≈.##.############.#...........#
.≈....................##.##.####
.≈##..##################.##.# .≈
#.....# #.##.# .≈##.###.#
#########.##.# .≈.......#
#.......).##.# ≈≈.#####.# #@#
..##.# ##.# #.#######o# ......
...# #........o# ##.#
#.#######.#.... #.#####..#
####.#.o.>
##..................o...
.)..#####.....⌠.⌠....∩.. ###.#
####.._........ #.# ##⌠.⌠.......


You could see an orc knight and an orc.

Vanquished Creatures
  A two-headed ogre (D:9)
  Pikel (D:5)
  Joseph (D:8)
  Maggie (D:8)
  2 trolls
  A spriggan (D:9)
  10 yaks
  A vampire (D:9)
  A wyvern (D:8)
  A wraith (D:9)
  Grum (D:8)
  The ghost of decrepitue the Slasher, an amateur MfFi of the Shining One (D:4)
  An acid dragon (D:9)
  A water moccasin (D:8)
  Duvessa (D:6)
  10 orc warriors
  3 ice beasts
  4 black bears
  A sky beast (D:7)
  2 centaurs
  3 wolves (D:8)
  3 phantoms
  4 lemures (D:4)
  A kobold brigand (D:9)
  11 scorpions
  A necrophage (D:6)
  A water moccasin zombie (D:6)
  A wyvern zombie (D:6)
  Dowan (D:6)
  3 wights (D:9)
  5 killer bees (D:10)
  An electric eel (D:10)
  8 howler monkeys
  A bullfrog zombie (D:6)
  2 orc priests
  Crazy Yiuf (D:6)
  4 hounds
  3 bullfrog skeletons (D:6)
  An iguana (D:5)
  Natasha (thrice) (D:2)
  8 orc wizards
  A killer bee zombie (D:6)
  2 human simulacra (D:10)
  4 gnolls (D:5)
  5 adders
  A white imp (D:6)
  An ufetubus (D:6)
  4 worms
  7 dart slugs
  36 orcs
  9 endoplasms
  6 giant cockroaches
  6 hobgoblins
  5 quokkas
  6 ball pythons
  3 bats (D:1)
  3 frilled lizards
  12 goblins
  21 kobolds
  7 rats
  A butterfly (D:5)
251 creatures vanquished.

Vanquished Creatures (others)
  2 fungi (D:4)
  4 withered plants (D:6)
6 creatures vanquished.

Grand Total: 257 creatures vanquished

Notes
Turn   | Place    | Note
-------+----------+-------------------------------------------
     0 | D:1      | Earthwalker the Minotaur Fighter began the quest for the
                  | Orb.
     0 | D:1      | Reached XP level 1. HP: 19/19 MP: 0/0
   327 | D:1      | Reached XP level 2. HP: 21/27 MP: 1/1
   539 | D:1      | Reached skill level 4 in Fighting
   777 | D:1      | Reached XP level 3. HP: 33/33 MP: 2/2
   879 | D:2      | Noticed Natasha
   887 | D:2      | Killed Natasha
   888 | D:2      | Reached skill level 1 in Dodging
   987 | D:2      | Reached XP level 4. HP: 40/40 MP: 3/3
  1100 | D:2      | Found an ancient bone altar of Kikubaaqudgha.
  1121 | D:2      | Noticed Natasha
  1143 | D:2      | Killed Natasha
  1469 | D:2      | Noticed Natasha
  1475 | D:2      | Killed Natasha
  1476 | D:2      | Reached XP level 5. HP: 41/47 MP: 4/4
  2795 | D:3      | Found a faded altar of an unknown god.
  2964 | D:4      | Found a broken altar of Ashenzari.
  2990 | D:4      | Found a glowing silver altar of Zin.
  2990 | D:4      | Noticed a black bear
  3002 | D:4      | Killed a black bear
  3003 | D:4      | Reached skill level 5 in Fighting
  3003 | D:4      | Reached skill level 5 in Armour
  3003 | D:4      | Reached skill level 5 in Shields
  3003 | D:4      | Reached XP level 6. HP: 52/56 MP: 5/5
  3055 | D:4      | Found a runed translucent gate.
  3056 | D:4      | Found a runed translucent gate.
  3058 | D:4      | Found a runed translucent gate.
  3058 | D:4      | Noticed decrepitue's ghost (amateur MfFi)
  3729 | D:5      | Entered Level 5 of the Dungeon
  3729 | D:5      | Noticed Pikel
  4125 | D:5      | Killed Pikel
  4126 | D:5      | Reached skill level 6 in Fighting
  4126 | D:5      | Reached skill level 5 in Axes
  4126 | D:5      | Reached XP level 7. HP: 18/63 MP: 6/6
  4433 | D:5      | Reached XP level 8. HP: 71/71 MP: 7/7
  4466 | D:5      | Found a staircase to the Ecumenical Temple.
  4475 | Temple   | Entered the Ecumenical Temple
  4868 | D:5      | Found a runed translucent door.
  4870 | D:5      | Found a runed translucent door.
  5496 | D:6      | Reached skill level 7 in Fighting
  5627 | D:6      | Found a runed translucent door.
  5628 | D:6      | Noticed Crazy Yiuf
  5664 | D:6      | Noticed Duvessa
  5679 | D:6      | Noticed Dowan
  5688 | D:6      | Killed Duvessa
  5774 | D:6      | Killed Dowan
  5868 | D:6      | Reached XP level 9. HP: 70/79 MP: 8/8
  5942 | D:6      | Found a bloodstained altar of Trog.
  6195 | D:6      | Killed Crazy Yiuf
  6636 | D:7      | Reached skill level 8 in Fighting
  6963 | D:8      | Noticed Maggie
  6977 | D:8      | Killed Maggie
  7272 | D:8      | Noticed Joseph
  7319 | D:8      | HP: 1/82 [Joseph/+0 quarterstaff of speed (13)]
  7321 | D:8      | Killed Joseph
  7908 | D:8      | Identified the +12 morningstar "Halac" {elec, rC+ Will+
                  | Int+4}
  8337 | D:8      | Noticed Grum
  8354 | D:8      | Killed Grum
  8355 | D:8      | Reached skill level 5 in Dodging
  8369 | D:8      | Reached skill level 9 in Fighting
  8732 | D:8      | Reached XP level 10. HP: 77/91 MP: 9/9
  9373 | D:4      | Killed decrepitue's ghost
  9952 | D:9      | Found a flagged portal.
  9967 | Bailey   | Entered a bailey
 10377 | Bailey   | Reached skill level 10 in Fighting
 10430 | Bailey   | Identified the +8 great sword of Elewasuf {flame, *Slow
                  | rF++}
 10606 | Bailey   | Reached skill level 10 in Armour
 10610 | Bailey   | Reached skill level 10 in Shields
 11872 | D:9      | Noticed a two-headed ogre
 11880 | D:9      | Killed a two-headed ogre
 11881 | D:9      | Reached XP level 11. HP: 39/101 MP: 10/10
 12425 | D:10     | Entered Level 10 of the Dungeon
 12431 | D:10     | Identified a scroll of acquirement
 12433 | D:10     | Acquired a manual of Fighting
 12478 | D:10     | Found a snail-covered altar of Cheibriados.
 12489 | D:10     | Reached skill level 10 in Axes
 12498 | D:10     | Found a stormy altar of Qazlal.
 12570 | D:10     | Found a sparkling altar of Nemelex Xobeh.
 12574 | D:10     | Found Duyrgh's Weapon Boutique.
 12574 | D:10     | Found a staircase to the Orcish Mines.
 12622 | D:10     | Noticed an orc knight
 12958 | D:10     | Reached skill level 11 in Fighting
 13153 | D:10     | Found an iron altar of Okawaru.
 13162 | D:10     | Became a worshipper of Warmaster Okawaru
 13450 | D:10     | HP: 5/102 [orc knight/+3 vorpal great sword (10)]
 13450 | D:10     | HP: 1/102 [orc knight/+3 vorpal great sword (4)]
 13451 | D:10     | Slain by an orc knight

Illustrated notes

Levels and vault maps discovered:
D:1:      psy_arrival_dodecagon, layout_rooms, serial_corexii_hall,
          corexii_hall_statues_s, chequers_hall_statues_wall_a
D:2:      layout_basic, basic_altar, uniq_natasha
D:3:      layout_basic, ebering_ecumenical_altar_rust, kennysheep_generic_room_2
D:4:      layout_loops_ring, mainiacjoe_overflow_boulevard,
          mainiacjoe_overflow_small_starburst, ebering_ghost_rock_garden,
          hangedman_glass_teeth
D:5:      lemuel_insect_pit, layout_cave_pools, minmay_temple_entry_waves,
          serial_park, serial_park_tiny_pond, serial_park_gazebo
          [serial_park_minivault_5x5_1], serial_park_tiny_pond,
          kennysheep_generic_room_10, uniq_pikel
D:6:      layout_rooms, overflow_temple_1_default, serial_undead,
          serial_undead_d, serial_undead_b, serial_undead_d, serial_undead_c,
          serial_undead_c, uniq_duvessa, uniq_crazy_yiuf_cottage
D:7:      layout_basic, minmay_misc_feat_doors, st_stairs_3
D:8:      layout_basic, uniq_joseph, uniq_grum, uniq_maggie
D:9:      layout_stronghold, enter_bailey_2, the_hattery
D:10:     layout_loops_ring, okawaru_trees_2, nemelex_xobeh_ov_fountains_minmay,
          mainiacjoe_overflow_alcove_4, nicolae_overflow_squiral, orc_david_3,
          hangedman_abyss_or_decor_stabs, bh_circular_ruins
Temple:   zaba_magenta_temple

Skill      XL: |  1  2  3  4  5  6  7  8  9 10 11 |
---------------+----------------------------------+-----
Fighting       | 4 5 6 7 9 10 11 | 11.0
Shields        | 4 5 6 7 9 10 | 10.6
Armour         | 4 5 6 7 8 10 | 10.7
Axes           | 3 4 5 6 8 9 10 | 10.2
Dodging        | 1 2 3 4 5 6 |  6.3

Action                   |  1- 3 |  4- 6 |  7- 9 | 10-12 || total
-------------------------+-------+-------+-------+-------++-------
Melee: War axe           |    55 |   184 |   276 |   374 ||   889
       Headbutt          |     6 |    20 |    50 |    66 ||   142
Throw: Boomerang         |       |       |       |    18 ||    18
       Dart              |       |       |       |    12 ||    12
  Use: Scroll            |       |       |       |     8 ||     8
       Potion            |       |       |       |     1 ||     1
Armor: Scale mail        |    37 |    86 |    24 |       ||   147
       Plate armour      |       |       |    77 |       ||    77
       Crystal plate arm |       |       |    47 |   263 ||   310
Dodge: Dodged            |    27 |    90 |   102 |   101 ||   320
Block: Buckler           |    14 |    21 |    81 |    87 ||   203
